 Dungeon Crawl Stone Soup version 0.21.1-1-g345015fe64 (webtiles) character file.

427 Htamos the Magician (level 6, -1/32 HPs)
             Began as a Deep Elf Wizard on July 16, 2018.
             Was an Initiate of Vehumet.
             Killed from afar by Ijyb (5 damage)
             ... with a wand of flame (28)
             ... on level 4 of the Dungeon.
             The game lasted 00:14:18 (4737 turns).

Htamos the Magician (Deep Elf Wizard)               Turns: 4737, Time: 00:14:19

Health: -1/32      AC:  3    Str:  1 (4)  XL:     6   Next: 65%
Magic:  12/17      EV: 11    Int: 22 (25) God:    Vehumet [......]
Gold:   126        SH:  3    Dex: 11 (13) Spells: 9/18 levels left

rFire    . . .     SeeInvis .   r - +2 short sword (protect)
rCold    + + .     Gourm    .   h - +0 buckler
rNeg     . . .     Faith    .   a - +0 robe
rPois    +         Spirit   .   k - +0 helmet
rElec    +         Reflect  .   (no cloak)
rCorr    +         Harm     .   (no gloves)
MR       +....                  (no boots)
Stlth    ++........             (no amulet)
HPRegen  0.10/turn              g - ring of ice
MPRegen  0.15/turn              m - ring of protection from magic

@: resistant, very slightly contaminated
A: no striking features
a: Renounce Religion


You were on level 4 of the Dungeon.
You worshipped Vehumet.
Vehumet was noncommittal.
You were very hungry.

You visited 2 branches of the dungeon, and saw 6 of its levels.

You collected 126 gold pieces.

Inventory:

Hand Weapons
 e - a +0 dagger
 q - a +2 mace of draining
 r - a +2 short sword of protection (weapon)
 x - a +0 hunting sling
Armour
 a - a +0 robe (worn)
 b - a +0 hat
 h - a +0 buckler (worn)
 k - a +0 helmet (worn)
Jewellery
 g - a ring of ice (left hand)
 m - a ring of protection from magic (right hand)
 v - an uncursed ring of ice
Scrolls
 d - a scroll of blinking {unknown}
 j - a scroll of identify
 n - a scroll of magic mapping
 o - a scroll of random uselessness {unknown}
 p - a scroll of remove curse
 t - a scroll of noise {unknown}
 u - a scroll of teleportation {unknown}
Potions
 i - a potion of flight
 s - 2 potions of degeneration
Books
 c - a book of Minor Magic

   Spells                             Type                      Level
   a - Magic Dart                     Conjuration                  1
   b - Blink                          Translocation                2
   c - Call Imp                       Summoning                    2
   d - Slow                           Hexes                        2
   e - Conjure Flame                  Conjuration/Fire             3
   f - Mephitic Cloud                 Conjuration/Poison/Air       3
Comestibles
 w - a ration


   Skills:
 - Level 2.4 Dodging
 - Level 2.4 Stealth
 * Level 6.9 Spellcasting
 + Level 3.5 Conjurations
   Level 1.1 Summonings
 + Level 2.5 Translocations
 + Level 2.1 Fire Magic
 + Level 1.9 Air Magic
 + Level 2.2 Poison Magic


You had 9 spell levels left.
You knew the following spells:

 Your Spells              Type           Power        Failure   Level  Hunger
a - Magic Dart            Conj           ###.         3%          1    None
b - Blink                 Tloc           N/A          8%          2    None
c - Conjure Flame         Conj/Fire      ###.....     13%         3    None
d - Mephitic Cloud        Conj/Pois/Air  ###.....     14%         3    None


Dungeon Overview and Level Annotations

Branches:
Dungeon (5/15)             Temple (1/1) D:4

Altars:
Cheibriados
Dithmenos
Elyvilon
Fedhas
Gozag
Hepliaklqana
Makhleb
Nemelex Xobeh
Okawaru
Qazlal
Ru
Uskayaw
Vehumet
Wu Jian
Xom
Zin

Annotations:
D:3 Fascinator's ghost, amateur DsFi; Purgy; Sigmund
D:4 Ijyb


Message History

It was a potion of resistance.
You feel protected.
Ijyb zaps a wand.
The puff of flame hits you!
* * * LOW HITPOINT WARNING * * *
It was a potion of degeneration.
There was something very wrong with that liquid.
You feel weakened.
You feel dopey.
You feel clumsy.
Ijyb screams, "No!
No, no, no, no!"
Ijyb hits you.
* * * LOW HITPOINT WARNING * * *
As you read the scroll labeled QEDUMOUNAL, it crumbles to dust.
You feel momentarily disoriented.
It was a scroll of magic mapping.
Ijyb zaps a wand.
The puff of flame hits you!
* * * LOW HITPOINT WARNING * * *
As you read the scroll labeled KAWEAT OBEOFA, it crumbles to dust.
You feel blessed for a moment.
It was a scroll of remove curse.
Ijyb closely misses you.
Ijyb zaps a wand.
The puff of flame misses you.
Ijyb zaps a wand.
The puff of flame hits you!
You die...

### ##<## ##.#.## #####
##.###.###########...######
..## ##.##................#
.## ##.....####.....###.#
..## ##.####.g..@.....#
#.####### .#.###.###
#[####.....###........
....#....# #>##
#.........##.####
#........# #..#
#.....######.# .........#
#.># ###.### #.# .##...####
#..#####.###### #.#
.##...######.............#
#.#
###............####......#
#.# #
###.##.####.......###..#
#.#


You could see Ijyb.

Vanquished Creatures
  A phantom (D:4)
  2 scorpions (D:4)
  A worker ant (D:4)
  2 iguanas (D:4)
  An orc wizard (D:4)
  Robin (D:2)
  5 adders
  3 gnolls (D:4)
  An adder skeleton (D:4)
  A worm (D:3)
  A dart slug (D:2)
  2 leopard geckos (D:4)
  2 orcs
  9 hobgoblins
  2 jackals (D:4)
  8 kobolds
  2 quokkas
  4 bats
  A frilled lizard (D:2)
  11 goblins
  A leopard gecko skeleton (D:4)
  2 rats (D:2)
63 creatures vanquished.

Notes
Turn   | Place    | Note
-------+----------+-------------------------------------------
     0 | D:1      | Htamos the Deep Elf Wizard began the quest for the Orb.
     0 | D:1      | Reached XP level 1. HP: 10/10 MP: 7/7
   222 | D:1      | Reached XP level 2. HP: 15/15 MP: 5/9
   685 | D:2      | Reached skill level 5 in Spellcasting
  1052 | D:2      | Reached XP level 3. HP: 19/19 MP: 7/11
  1056 | D:2      | Learned a level 2 spell: Blink
  1060 | D:2      | Learned a level 3 spell: Conjure Flame
  1064 | D:2      | Learned a level 3 spell: Mephitic Cloud
  1286 | D:2      | Found a hide-covered altar of Uskayaw.
  1286 | D:2      | Noticed a dagger
  1287 | D:2      | Noticed a hand axe
  1487 | D:3      | Noticed a sky beast
  1752 | D:3      | Noticed Robin
  1758 | D:3      | Noticed Sigmund
  1827 | D:2      | Killed Robin
  1910 | D:2      | Reached XP level 4. HP: 11/24 MP: 10/13
  2099 | D:3      | Noticed Fascinator's ghost (amateur DsFi)
  2464 | D:3      | Noticed Purgy
  2725 | D:3      | Found a shimmering altar of Xom.
  2818 | D:4      | Reached skill level 1 in Fire Magic
  3042 | D:4      | Reached skill level 6 in Spellcasting
  3078 | D:4      | Noticed an ogre
  3283 | D:4      | Reached skill level 1 in Air Magic
  3283 | D:4      | Reached skill level 1 in Poison Magic
  3283 | D:4      | Reached XP level 5. HP: 28/28 MP: 8/15
  3361 | D:4      | Found an iron altar of Okawaru.
  3728 | D:4      | Noticed a phantom
  3767 | D:5      | Entered Level 5 of the Dungeon
  3767 | D:5      | Noticed Ijyb
  3767 | D:5      | Noticed a centaur
  3963 | D:4      | Reached XP level 6. HP: 32/32 MP: 10/17
  4240 | D:4      | Found a staircase to the Ecumenical Temple.
  4247 | Temple   | Entered the Ecumenical Temple
  4312 | Temple   | Became a worshipper of Vehumet
  4349 | D:4      | Found a sparkling altar of Nemelex Xobeh.
  4737 | D:4      | Killed from afar by Ijyb

Skill      XL: |  1  2  3  4  5  6 |
---------------+-------------------+-----
Conjurations   | 2 3 |  3.5
Spellcasting   | 5 6 |  6.9
Fire Magic     | 1 2 |  2.1
Air Magic      | 1 |  1.9
Poison Magic   | 1 2 |  2.2
Translocations | 2 |  2.5
Dodging        | |  2.4
Stealth        | |  2.4
Summonings     | |  1.1

Action                   |  1- 3 |  4- 6 || total
-------------------------+-------+-------++-------
Melee: Short sword       |     6 |    26 ||    32
 Cast: Magic Dart        |    92 |   129 ||   221
       Conjure Flame     |       |     3 ||     3
       Mephitic Cloud    |       |     2 ||     2
  Use: Scroll            |     2 |     3 ||     5
       Potion            |       |     7 ||     7
 Stab: Sleeping          |       |     1 ||     1
  Eat: Chunk             |     3 |     4 ||     7
       Ration            |       |     1 ||     1
Armor: Robe              |     5 |    16 ||    21
Dodge: Dodged            |    20 |    42 ||    62
Block: Buckler           |     7 |    12 ||    19
